 Dungeon Crawl Stone Soup version 0.27-a0-475-g4587593e40 (webtiles) character file.

Game seed: 9003718864657668977

1122 Leibowitz the Chopper (level 7, -1/59 HPs)
             Began as a Demigod Fighter on Mar 1, 2021.
             Splashed by Pikel's acid (14 damage)
             ... on level 6 of the Dungeon.
             The game lasted 00:12:19 (4335 turns).

Leibowitz the Chopper (Demigod Fighter)             Turns: 4335, Time: 00:12:20

Health: -1/59      AC:  8    Str: 25    XL:     7   Next: 88%
Magic:  9/9        EV:  7    Int: 10    God:
Gold:   449        SH: 11    Dex: 13    Spells: 6/6 levels left

rFire    + . .     SeeInvis +   a - +1 war axe
rCold    . . .     Faith    .   c - +1 kite shield
rNeg     . . .     Spirit   .   m - +0 chain mail
rPois    .         Reflect  .   (no helmet)
rElec    .         Harm     .   u - +0 cloak
rCorr    .         Rampage  .   (no gloves)
Will     .....                  v - +0 pair of boots
Stlth    ..........             (no amulet)
HPRegen  0.19/turn              s - ring of protection from fire
MPRegen  0.11/turn              t - ring of see invisible

@: corroded
A: high mp 1
a: no special abilities


You were on level 6 of the Dungeon.
You visited 1 branch of the dungeon, and saw 6 of its levels.
You also visited: Ossuary.

You collected 449 gold pieces.

Inventory:

Hand Weapons
 a - a +1 war axe (weapon)
 j - a +2 short sword of venom
 p - a +2 halberd of flaming
Armour
 c - a +1 kite shield (worn)
 m - a +0 chain mail (worn)
 u - a +0 cloak (worn)
 v - a +0 pair of boots (worn)
Jewellery
 s - a ring of protection from fire (left hand)
 t - a ring of see invisible (right hand)
Scrolls
 b - 3 scrolls of teleportation
 e - a scroll of identify
 f - a scroll of amnesia
 g - 2 scrolls of magic mapping
 h - a scroll of enchant armour
 i - a scroll of fear
 l - a scroll of blinking
 r - a scroll of fog
Potions
 d - 4 potions of curing {unknown}
 k - a potion of heal wounds
 n - 2 potions of berserk rage {unknown}
 o - a potion of attraction
 q - a potion of haste {unknown}
 w - a potion of degeneration {unknown}


   Skills:
 * Level 4.2 Fighting
 * Level 5.8 Axes
 * Level 4.7 Armour
 * Level 2.5 Dodging
 * Level 4.3 Shields


You had 6 spell levels left.
You didn't know any spells.
Your spell library was empty.

Dungeon Overview and Level Annotations

Branches:
Dungeon (6/15)            Ossuary (visited)
 Temple: D:4-7

Annotations:
D:3 2 transporters, TimeIsEndless's ghost, amateur FoFi
D:4 1 runed translucent door, Chiseanne's ghost, amateur DsWn
D:6 Pikel


Innate Abilities, Weirdness & Mutations

You have an increased reservoir of magic. (+10% MP)


Message History

You hear a shout!
The lemure hits you. You block the lemure's attack. The lemure hits you.
* * * LOW HITPOINT WARNING * * *
A lemure comes into view.
Pikel the Slaver comes into view.
He is wielding a +2 whip of freezing and carrying a wand of acid (8).
You feel much better. The lemure hits you but does no damage.
You completely miss the lemure.
The lemure is moderately wounded.
The lemure hits you but does no damage.
You miss the lemure.
The lemure is lightly wounded.
You block the lemure's attack.
You closely miss Pikel. Pikel completely misses you.
You barely miss Pikel.
The lemure shouts!
Pikel hits you with a +2 whip of freezing.
Pikel freezes you. Pikel hits you but does no damage.
You slash Pikel!
Pikel is moderately wounded.
Pikel hits you but does no damage.
You slash Pikel!
Pikel is heavily wounded.
Pikel hits you but does no damage.
Pikel zaps a wand.
The bolt of acid hits you! The acid corrodes you!
You are splashed with acid!
* * * LOW HITPOINT WARNING * * *
You closely miss Pikel.
Pikel is heavily wounded.
You block Pikel's attack.
You feel much better.
Pikel hits you with a +2 whip of freezing.
Pikel freezes you.
You completely miss Pikel.
Pikel is heavily wounded.
You block Pikel's attack.
You barely miss Pikel.
Pikel is heavily wounded.
Pikel zaps a wand.
The bolt of acid hits you!
* * * LOW HITPOINT WARNING * * *
You are splashed with acid!
You die...

#.#..#.# #.#....#
#.#.#..# #...(..
#.>... #####....##
.......55.# #
#K#... #.#@#
..##### #.#.#
....#. #..# .5.#
## ##.#♣ .._ . #.#
##.###### ###
#.###.#♣#.._#_..#
#..#.##.#...#...#
#.#.........#.....
####.#.......###
..#


You could see Pikel and 2 lemures.

Vanquished Creatures
  Maggie (D:6)
  A sky beast (D:6)
  An ogre (D:5)
  A phantom (D:5)
  2 scorpions (D:5)
  An orc priest (D:5)
  A centaur skeleton (D:4)
  Jessica (D:2)
  2 worker ants
  6 orc wizards
  9 mummies
  6 adders
  A white imp (D:6)
  An ooze (D:3)
  A worm (D:3)
  A dart slug (D:1)
  12 orcs
  3 ball pythons (D:3)
  5 giant cockroaches
  A gnoll zombie (Ossuary)
  8 goblins
  7 hobgoblins
  2 quokkas
  7 bats
  2 frilled lizards
  4 hobgoblin zombies (Ossuary)
  7 kobolds
  A kobold zombie (Ossuary)
  2 orc zombies (Ossuary)
  A quokka skeleton (D:4)
  8 rats
106 creatures vanquished.

Vanquished Creatures (others)
  An orc wizard (D:5)
1 creature vanquished.

Grand Total: 107 creatures vanquished

Notes
Turn   | Place    | Note
-------+----------+-------------------------------------------
     0 | D:1      | Leibowitz the Demigod Fighter began the quest for the Orb.
     0 | D:1      | Reached XP level 1. HP: 18/18 MP: 3/3
   213 | D:1      | Reached XP level 2. HP: 25/25 MP: 4/4
   370 | D:1      | Reached skill level 2 in Axes
   616 | D:2      | Reached XP level 3. HP: 25/30 MP: 5/5
   783 | D:2      | Noticed Jessica
   796 | D:2      | Killed Jessica
  1187 | D:2      | Reached XP level 4. HP: 38/38 MP: 6/6
  1275 | D:3      | Reached skill level 3 in Axes
  1275 | D:3      | Reached skill level 1 in Dodging
  1414 | D:3      | Found a transporter.
  1417 | D:3      | Found a transporter.
  1417 | D:3      | Noticed TimeIsEndless's ghost (amateur FoFi)
  1529 | D:3      | Reached XP level 5. HP: 45/45 MP: 7/7
  1972 | D:4      | Found a broken altar of Ashenzari.
  2200 | D:4      | Found a sand-covered staircase.
  2212 | Ossuary  | Entered an ossuary
  2263 | Ossuary  | HP: 2/45 [mummy (11)]
  2294 | Ossuary  | Reached skill level 4 in Axes
  2298 | Ossuary  | Reached XP level 6. HP: 18/51 MP: 8/8
  3100 | D:4      | Found a runed translucent door.
  3105 | D:4      | Noticed Chiseanne's ghost (amateur DsWn)
  3222 | D:5      | Entered Level 5 of the Dungeon
  3505 | D:5      | HP: 1/52 [orc wizard/magic dart (11)]
  3506 | D:5      | Reached XP level 7. HP: 1/58 MP: 9/9
  3512 | D:5      | Reached skill level 5 in Axes
  4188 | D:6      | Noticed Maggie
  4237 | D:6      | Killed Maggie
  4293 | D:6      | Found an iron altar of Okawaru.
  4295 | D:6      | Found a hazy altar of Hepliaklqana.
  4295 | D:6      | Found a shimmering blue altar of Sif Muna.
  4324 | D:6      | Noticed Pikel
  4335 | D:6      | Splashed by Pikel's acid

Illustrated notes

Levels and vault maps discovered:
D:1:      dpeg_arrival_lava_altar, layout_rooms
D:2:      layout_basic, serial_curves, eino_curves_01, eino_curves_01,
          supply_closet_lemuel, uniq_jessica
D:3:      minmay_chambers_of_threes, layout_basic, gammafunk_ghost_arena
D:4:      layout_cave_pods, overflow_temple_1_default,
          ebering_ghost_reflecting_pool, gup_ossuary_entry_pyramid
D:5:      layout_basic, grunt_decor_junction, nrook_mini_backslash
D:6:      layout_loops_ring, lemuel_round_altar, lemuel_crystal_altar,
          nicolae_overflow_quartered_altars, kennysheep_mini,
          minmay_temple_entry_arrows, serial_shops,
          nicolae_shop_competitors_out_of_business, portal_sewer_entry_d,
          uniq_pikel, uniq_maggie, uniq_prince_ribbit1, uniq_edmund

Skill      XL: |  1  2  3  4  5  6  7 |
---------------+----------------------+-----
Axes           | 2 3 4 5 |  5.8
Shields        | 3 4 |  4.3
Armour         | 3 4 |  4.7
Fighting       | 3 4 |  4.2
Dodging        | 1 2 |  2.5

Action                   |  1- 3 |  4- 6 |  7- 9 || total
-------------------------+-------+-------+-------++-------
Melee: War axe           |    72 |   184 |    82 ||   338
  Use: Potion            |       |     4 |     4 ||     8
       Scroll            |       |    11 |       ||    11
Armor: Scale mail        |    39 |    26 |       ||    65
       Chain mail        |       |    50 |    32 ||    82
Dodge: Dodged            |    18 |    46 |    20 ||    84
Block: Kite shield       |    39 |    79 |    45 ||   163

Table legend: (Time is in decaauts)
 A = Elapsed time spent in this place.
 B = Non-inter-level travel time spent in this place.
 C = Inter-level travel time spent in this place.
 D = Time resting spent in this place.
 E = Time spent auto-exploring this place.
 F = Levels seen in this place.
 G = Mean time per level.
                   A        B        C        D        E       F      G
               +--------+--------+--------+--------+--------+-----+--------+
         Total |   4519 |   4386 |    133 |    452 |   2549 |   7 |  645.6 |
       Dungeon |   4076 |   3943 |    133 |    241 |   2549 |   6 |  679.3 |
       Ossuary |    442 |    442 |      0 |    211 |      0 |   1 |  442.0 |
               +--------+--------+--------+--------+--------+-----+--------+

Top non-repeatable levels by time:
     D:5: 989 daAuts
     D:4: 889 daAuts
     D:3: 755 daAuts
     D:2: 670 daAuts
     D:1: 596 daAuts
 Ossuary: 442 daAuts
     D:6: 175 daAuts
